 Dungeon Crawl Stone Soup version 0.19-a0-1341-g3513869 (webtiles) character file.

149 rlgrobin the Chopper (level 5, -10/41 HPs)
             Began as a Formicid Fighter on Sept 1, 2016.
             Was an Initiate of Gozag.
             Killed from afar by an orc wizard (12 damage)
             ... with a magic dart
             ... on level 3 of the Dungeon.
             The game lasted 00:03:26 (2091 turns).

rlgrobin the Chopper (Formicid Fighter)             Turns: 2091, Time: 00:03:27

Health: -10/41     AC:  6    Str: 20    XL:     5   Next: 56%
Magic:  5/5        EV:  7    Int:  8    God:    Gozag
Gold:   226        SH:  9    Dex: 11    Spells: 0 memorised, 4 levels left

rFire  . . .     SeeInvis +     a - +0 war axe
rCold  . . .     Gourm    .     b - +0 scale mail
rNeg   . . .     Faith    .     c - +0 shield
rPois  +         Spirit   .     (helmet unavailable)
rElec  .         Dismiss  .     (no cloak)
rCorr  .         Reflect  .     (no gloves)
MR     .....     Harm     .     (no boots)
Stlth  ..........               (no amulet)
                                (no ring)
                                m - ring of poison resistance

@: gold aura, drained
A: permanent stasis, dig shafts and tunnels, four strong arms, antennae 3
a: Dig, Shaft Self, Potion Petition, Call Merchant, Bribe Branch, Renounce
Religion


You were on level 3 of the Dungeon.
You worshipped Gozag.
Gozag was aware of your devotion.
You were not hungry.

You visited 1 branch of the dungeon, and saw 3 of its levels.

You collected 248 gold pieces.
You paid 22 gold pieces to Gozag.

Inventory:

Hand Weapons
 a - a +0 war axe (weapon)
Armour
 b - a +0 scale mail (worn)
 c - a +0 shield (worn)
Jewellery
 m - a ring of poison resistance (left hand)
Scrolls
 e - 4 scrolls of identify {unknown}
 g - a scroll of random uselessness {unknown}
 h - a scroll of fear {unknown}
 n - a scroll of magic mapping {unknown}
 o - a scroll of blinking {unknown}
 q - a scroll of amnesia {unknown}
 s - a scroll of remove curse {unknown}
Potions
 d - a potion of might
 i - 4 potions of cure mutation {unknown}
 j - a potion of haste {unknown}
 k - a potion of cancellation {unknown}
 p - a potion of invisibility {unknown}
 r - a potion of brilliance {unknown}
Comestibles
 f - a bread ration
 l - a meat ration


   Skills:
 - Level 3.2(2.7) Fighting
 + Level 5.3(4.8) Axes
 - Level 3.2(2.7) Armour
 - Level 3.6(3.0) Shields


You had 4 spell levels left.
You didn't know any spells.

Dungeon Overview and Level Annotations

Branches:
Dungeon (3/15)

Altars:
Gozag

Annotations:
D:3 hairmachine's ghost, amateur NaIE


Innate Abilities, Weirdness & Mutations

You are under a permanent stasis effect.
You can dig through walls and to a lower floor.
Your four strong arms can wield two-handed weapons with a shield.
You have a pair of large antennae on your head. (SInv)


Message History

* * * LOW HITPOINT WARNING * * *
The orc wizard mumbles some strange words.
The orc wizard seems to speed up.
Hairmachine's ghost is distracted by the nearby gold.
The orc wizard gestures at you while chanting.
You resist with some effort. The orc wizard casts a spell at you.
Your stasis keeps you stable.
The orc wizard points at you and mumbles some strange words.
The magic dart hits you!
* * * LOW HITPOINT WARNING * * *
The orc wizard is distracted by your gold.
The orc wizard is no longer distracted by gold.
The orc wizard gestures wildly while chanting.
The orc wizard blinks!
You see here a runed falchion.
The orc wizard points at you and mumbles some strange words.
The magic dart hits you!
You die...
Your body crumbles into a pile of gold.

.#######......................
.#.........####......##...####
#......### ######.......##
##.....# ##...^...## ##...##
#...[..... ##..# #....)..##
##.## #####.....## ##.#######
#..........#
#.....@o###..........#
#######).............#
#...................##
..#####)...........##
#####.....#......####
#..[....##.........#
#............#W.##...#
.....######...##.## # .....
#.###$.#


You could see an orc wizard and hairmachine's ghost.

Vanquished Creatures
  Jessica (D:2)
  Robin (D:2)
  2 adders
  An ooze (D:3)
  2 worms (D:2)
  2 dart slugs
  A giant gecko (D:1)
  2 orcs (D:3)
  3 giant cockroaches
  16 goblins
  8 hobgoblins
  12 jackals
  5 kobolds
  A quokka (D:2)
  4 bats
  2 giant newts (D:2)
  5 rats
68 creatures vanquished.

Notes
Turn   | Place    | Note
-------+----------+-------------------------------------------
     0 | D:1      | rlgrobin the Formicid Fighter began the quest for the Orb.
     0 | D:1      | Reached XP level 1. HP: 18/18 MP: 1/1
    10 | D:1      | Noticed a minotaur skeleton
    18 | D:1      | Noticed a minotaur skeleton
    20 | D:1      | Noticed a minotaur skeleton
   136 | D:1      | Reached XP level 2. HP: 22/24 MP: 2/2
   277 | D:1      | Reached skill level 3 in Axes
   442 | D:1      | Reached XP level 3. HP: 29/29 MP: 3/3
   695 | D:2      | Noticed Jessica
   702 | D:2      | Found an opulent altar of Gozag.
   713 | D:2      | Killed Jessica
   713 | D:2      | Reached skill level 4 in Axes
   713 | D:2      | Reached XP level 4. HP: 6/35 MP: 4/4
  1001 | D:2      | Noticed Robin
  1167 | D:2      | Killed Robin
  1204 | D:2      | Became a worshipper of Gozag Ym Sagoz the Greedy
  1293 | D:2      | Reached XP level 5. HP: 40/41 MP: 5/5
  1384 | D:2      | Reached skill level 5 in Axes
  2069 | D:3      | Noticed hairmachine's ghost (amateur NaIE)
  2087 | D:3      | HP: 1/41 [orc wizard/magic dart (6)]
  2091 | D:3      | Killed from afar by an orc wizard

Vault maps used:
D:1:      shiori_arrival_whats_in_store_for_you, st_stairs_9
D:2:      nicolae_gozag_seed_capital, uniq_jessica, uniq_robin
D:3:      first_bread, minmay_misc_feat_columns, nicolae_ashenzari_panopticon

Skill      XL: |  1  2  3  4  5 |
---------------+----------------+-----
Axes           | 3 4 5 |  5.3
Fighting       | |  3.2
Armour         | |  3.2
Shields        | |  3.6

Action                   |  1- 3 |  4- 6 || total
-------------------------+-------+-------++-------
Melee: War axe           |    89 |   148 ||   237
  Eat: Chunk             |       |     2 ||     2
       Meat ration       |       |     1 ||     1
Armor: Scale mail        |    48 |    51 ||    99
Dodge: Dodged            |    28 |    54 ||    82
Block: Shield            |    58 |    70 ||   128
